cohdb
Replays
Latest Replays
All Replays
Popular Replays
Top Player Replays
Match Explorer
How It Works
Community
CoH3 Stats
Reddit
Sign in to upload your games and track your stats! →
Sign in with Steam
Match 45283323
Unlisted
Match 45283323
Overview
Messages
Build Orders
End
Panzergrenadier Squad
Panzergrenadier Squad
Construct Light Support Kompanie
Selects Armored Support Battlegroup
Selects Superior Fire Drills
250 Light Carrier
Combat Half-tracks
Selects Salvage Kits
250 Light Carrier
Construct Mechanized Kompanie
Vehicle Survival Package
254 Reconnaissance Tractor
Marder III Tank Destroyer
Kradschützen Motorcycle Team
Selects Flammpanzer III Medium Tank
Flammpanzer III Medium Tank
Marder III Tank Destroyer
[SE:VH] Queiroz
galoManco
White
SuperGoose
RitraXP
Spectral_entropy
Jewoo
MAGAt Stomper
0
0
Comments
sign in to comment!
No comments posted yet!